 Dungeon Crawl Stone Soup version 0.27-a0-1501-g9d6fb14e67 (webtiles) character file.

Game seed: 3239463803270236919

161151 Kinoniko the Severer (level 17, 148/148 HPs)
             Began as a Demonspawn Berserker on July 7, 2021.
             Was a High Priest of Trog.
             Quit the game on level 2 of the Swamp on July 8, 2021.
             The game lasted 00:53:44 (39962 turns).

Kinoniko the Severer (Demonspawn Berserker)        Turns: 39962, Time: 00:53:44

Health: 148/148    AC: 23    Str: 23      XL:     17   Next: 19%
Magic:  17/17      EV: 16    Int: 12 (13) God:    Trog [*****.]
Gold:   488        SH: 13    Dex:  7 (8)  Spells: 16/16 levels left

rFire    + . .     SeeInvis .   O - +6 broad axe of Killer Bee's Peril {vorpal, rPois rF+ Will+ Dex-5}
rCold    + . .     Faith    .   K - +1 kite shield
rNeg     + . .     Spirit   .   a - +7 Kryia's mail coat {PotionHeal*2 rC+}
rPois    +         Reflect  .   W - +1 helmet {Int+3}
rElec    .         Harm     .   X - +0 cloak
rCorr    +         Rampage  .   w - +0 pair of gloves
Will     +++++     Clarity  +   E - +1 pair of boots
Stlth    ..........             j - amulet of the Four Winds {rN+ Will+++ Clar}
HPRegen  0.34/turn              y - +4 ring of evasion
MPRegen  0.15/turn              U - ring "Wefu" {Will+ rCorr}

@: no status effects
A: talons 2, ignite blood 1, powered by pain 3, sanguine armour 2
a: Renounce Religion, Berserk, Trog's Hand, Brothers in Arms


You were on level 2 of the Swamp.
You worshipped Trog.
Trog was extremely pleased with you.
You visited 5 branches of the dungeon, and saw 29 of its levels.
You also visited: Volcano.

You collected 3372 gold pieces.
You spent 2884 gold pieces at shops.

Inventory:

Hand Weapons
 C - a +9 broad axe of flaming
 O - the +6 broad axe of Killer Bee's Peril (weapon) {vorpal, rPois rF+ Will+ Dex-5}
   (Trog gifted it to you on level 2 of the Lair of Beasts)

   It inflicts extra damage upon your enemies.
   Dex:       It affects your dexterity (-5).
   rF:        It protects you from fire.
   rPois:     It protects you from poison.
   Will:      It increases your willpower.
Missiles
 z - 2 throwing nets (quivered)
 I - 13 curare-tipped darts
Armour
 a - the +7 Kryia's mail coat (worn) {PotionHeal*2 rC+}
   (You acquired it on level 1 of the Dungeon)

   rC:        It protects you from cold.
 w - a +0 pair of gloves (worn)
 E - a +1 pair of boots (worn)
 K - a +1 kite shield (worn)
 W - a +1 helmet of intelligence (worn)
 X - a +0 cloak (worn)
 Z - +0 gold dragon scales
Jewellery
 j - the amulet of the Four Winds (around neck) {rN+ Will+++ Clar}
   (You bought it in a shop on level 2 of the Orcish Mines)

   [amulet of nothing]

   rN:        It protects you from negative energy.
   Clar:      It protects you against confusion.
   Will:      It greatly increases your willpower.
 k - an amulet of faith
 l - a +4 ring of protection
 m - a +4 ring of protection
 s - a ring of magical power
 v - a ring of willpower
 x - a ring of protection from fire
 y - a +4 ring of evasion (left hand)
 A - an amulet of the acrobat
 J - a ring of positive energy
 S - an amulet of reflection
 U - the ring "Wefu" (right hand) {Will+ rCorr}
   (You acquired it on level 5 of the Lair of Beasts)

   [ring of resist corrosion]

   rCorr:     It protects you from acid and corrosion.
   Will:      It increases your willpower.
 V - a ring of poison resistance
Wands
 q - a wand of iceblast (17)
 t - a wand of polymorph (8)
 B - a wand of charming (11)
 F - a wand of acid (27)
 Q - a wand of flame (110)
Scrolls
 b - a scroll of enchant weapon
 d - a scroll of holy word
 f - 5 scrolls of magic mapping
 g - 6 scrolls of identify
 i - 2 scrolls of torment
 n - 4 scrolls of teleportation
 N - 5 scrolls of fog
 P - 2 scrolls of fear
 Y - a scroll of brand weapon
Potions
 c - 4 potions of lignification
 e - 6 potions of haste
 h - 5 potions of might
 o - 11 potions of curing
 p - 2 potions of cancellation
 r - a potion of invisibility
 u - 10 potions of flight
 D - 4 potions of magic
 G - a potion of heal wounds
 H - 3 potions of resistance
 M - 2 potions of brilliance
 R - a potion of ambrosia
 T - 5 potions of berserk rage
Miscellaneous
 L - a condenser vane (inert)


   Skills:
 - Level 17.5 Fighting
 - Level 18.2 Axes
 + Level 10.7 Armour
 + Level 10.7 Dodging
 * Level 11.6 Shields
 + Level 2.2 Evocations


You had 16 spell levels left.
You didn't know any spells.
Your spell library contained the following spells:

 Spells                   Type           Power      Damage    Failure   Level
 Conjure Flame            Conj/Fire      0%         6-21      97%         3
 Ignite Poison            Fire/Tmut/Pois 0%         N/A       97%         3
 Leda's Liquefaction      Hex/Erth       0%         N/A       100%        4
 Sticky Flame             Conj/Fire      0%         2d3       100%        4
 Bolt of Magma            Conj/Fire/Erth 0%         4d4       100%        5
 Statue Form              Tmut/Erth      0%         N/A       100%        6


Dungeon Overview and Level Annotations

Branches:
Dungeon (15/15)            Temple (0/1) D:4            Lair (6/6) D:8
  Swamp (3/4) Lair:3       Spider (3/4) Lair:3        Slime (0/5) Lair:6
    Orc (2/2) D:12            Elf (0/3) Orc:2        Vaults (0/5) D:13
Volcano (visited)
 Depths: D:15

Altars:
Cheibriados
Elyvilon
Fedhas
Kikubaaqudgha
Makhleb
Okawaru
Sif Muna
Uskayaw
Vehumet
Xom
Yredelemnul
Zin
The Shining One
Beogh

Shops:
D:1 *(   D:12 [   D:13 !*??   Orc:1 :   Orc:2 **=

Annotations:
D:3 3 runed translucent doors, Sage1700's ghost, amateur HuFi; Xenoroth's ghost, weakling FeWr; makewrite's ghost, amateur PaFi
Swamp:2 exclusion: 2 lightning spires
Swamp:3 Louise


Innate Abilities, Weirdness & Mutations

You have razor-sharp toenails.
Your demonic aura sometimes causes spilled blood to erupt in flames.
You are powered by pain.
When seriously injured, your bleeding wounds create thick armour. (AC +0)


Message History

You barely miss the eight-headed hydra.
The eight-headed hydra is heavily wounded.
The eight-headed hydra is engulfed in blazing flames.
The eight-headed hydra completely misses you.
The eight-headed hydra bites you but does no damage. x3
You block the eight-headed hydra's attack.
The eight-headed hydra bites you. The eight-headed hydra misses you.
You block the eight-headed hydra's attack.
You slice one of the eight-headed hydra's heads off!
The seven-headed hydra grows two more!
You slice the nine-headed hydra!!
The nine-headed hydra is almost dead.
Unknown command.
You lop one of the nine-headed hydra's heads off!
The eight-headed hydra grows two more!
You slice the ten-headed hydra!!
You kill the ten-headed hydra!
Trog accepts your kill.
You feel your intelligence returning.
Unknown command.
No target in view!
No target in view!
You start resting.
You feel a strong urge to attack something.
You start resting.
You are no longer berserk.
You are exhausted.
You feel yourself slow down.
You start resting.
Your blood armour dries and flakes away.
You start resting.
You feel yourself speed up.
You start resting.
You recover from your berserk rage.
You start resting.
You start resting.
HP restored.
Level annotation: exclusion: 2 lightning spires Welcome back, Kinoniko the Demonspawn Berserker.
Trog says: Kill them all!
Press ? for a list of commands and other information.
Are you sure you want to abandon this character and quit the game? (Confirm with "yes".)

♣♣..§≈≈...########.....
♣♣.≈.....#......#..≈..
♣♣.♣♣..........#.....
♣♣≈≈...#..#####^....
♣.....[....#..#..≈..
♣......#......#..≈..
♣♣..♣...+...#..#...[.
♣.......#.######.....
♣♣≈≈.@.≈^.............
♣.≈≈≈†[≈≈........♣♣≈≈.
♣♣.≈.≈♣≈....≈...♣♣.≈≈.
♣.....≈♣♣♣.§..♣♣≈.≈≈.
♣....≈≈♣♣♣..♣♣♣♣≈♣♣♣≈
♣.....≈♣..♣♣≈.≈.≈≈♣♣♣
♣♣≈.≈≈.....♣.......♣♣
♣♣≈≈≈...≈≈...≈≈.....
♣.≈≈..≈§≈≈≈≈≈≈.≈.≈.


There were no monsters in sight!

Vanquished Creatures
  Jorgrun (Swamp:2)
  Frances (Swamp:2)
  Aizul (Swamp:2)
  2 ghost moths
  2 ghouls (Swamp:1)
  An entropy weaver (Spider:3)
  3 bunyips
  2 fire dragons
  An eleionoma (Swamp:1)
  3 ogre magi (Orc:2)
  2 boulder beetles
  2 catoblepae
  5 hydras
  6 ghost crabs
  4 centaur warriors
  3 dancing weapons
  16 two-headed ogres
  9 alligators
  6 death yaks
  5 spriggans (Swamp:2)
  A hell knight (D:15)
  2 orc high priests
  6 goliath frogs
  A goliath frog (shapeshifter) (D:15)
  2 spriggan druids (Swamp:2)
  2 swamp dragons (Swamp:1)
  4 lindwurms (Volcano)
  A wizard (D:15)
  A harpy (shapeshifter) (D:13)
  3 bog bodies
  An orc knight (D:12)
  2 orc sorcerers
  18 orb spiders
  19 wolf spiders
  4 cyclopes
  2 will-o-the-wisps (Swamp:2)
  7 ugly things
  3 moths of wrath
  A centaur zombie (D:10)
  6 elephants (Lair:6)
  5 black mambas
  2 torpor snails
  3 kobold demonologists
  A rime drake (Lair:4)
  18 cane toads
  8 komodo dragons
  Maggie (Lair:2)
  An efreet (D:15)
  A tengu conjurer (D:15)
  11 demonic crawlers
  A queen bee (shapeshifter) (D:14)
  3 meliai (Spider:1)
  A freezing wraith (D:12)
  28 jumping spiders
  A polar bear (Lair:6)
  5 hornets (Swamp:2)
  A troll (D:13)
  15 blink frogs
  9 slime creatures
  8 tyrant leeches
  11 dream sheep (Lair:6)
  A redback (shapeshifter) (D:15)
  2 centaur simulacra (D:14)
  61 redbacks
  29 yaks
  25 tarantellas
  2 vampires (D:13)
  3 steam dragons (Volcano)
  5 wyverns
  7 basilisks
  A basilisk (shapeshifter) (D:14)
  19 vampire mosquitoes
  The ghost of jovan2203 the Conjurer, an amateur DgCj (D:5)
  3 wargs
  7 swamp worms
  2 acid dragons
  21 water moccasins
  4 swamp drakes
  8 orc warriors
  2 hell hounds (Volcano)
  An ice beast (D:5)
  2 sky beasts (D:5)
  A necrophage (Swamp:1)
  17 ogres
  17 wolves
  13 centaurs
  2 phantoms
  5 kobold brigands
  17 bullfrogs
  A scorpion (D:5)
  A gnoll sergeant (D:8)
  A water moccasin skeleton (D:5)
  3 killer bees (D:9)
  3 electric eels
  A howler monkey (D:8)
  A crimson imp (D:8)
  A bullfrog zombie (D:5)
  A jelly (D:6)
  2 hounds (D:6)
  A gnoll shaman (D:9)
  5 orc priests
  Crazy Yiuf (D:6)
  A centaur skeleton (D:7)
  5 iguanas
  3 bullfrog skeletons
  9 orc wizards
  13 hell rats
  2 hound skeletons
  A howler monkey zombie (D:11)
  Robin (D:3)
  11 gnolls
  8 adders
  2 shadow imps (D:5)
  An adder skeleton (D:4)
  4 worms
  A dart slug (D:3)
  50 orcs
  5 bats
  10 endoplasms
  4 giant cockroaches
  14 hobgoblins
  9 jackals
  24 kobolds
  4 quokkas
  8 ball pythons
  3 frilled lizards
  11 goblins
  3 goblin zombies (D:8)
  A hobgoblin zombie (D:8)
  A kobold skeleton (D:8)
  A kobold zombie (D:8)
  2 orc skeletons (D:8)
  4 rats
  2 bushes (Lair:3)
813 creatures vanquished.

Vanquished Creatures (collateral kills)
  The ghost of Dwad the Severer, a journeyman MiBe of Trog (Lair:6)
  2 two-headed ogres (Orc:2)
  An ogre mage (Orc:2)
  5 death yaks
  Sonja (Lair:6)
  4 orb spiders (Spider:2)
  5 elephants (Lair:6)
  3 cane toads (Lair:6)
  A tyrant leech (Lair:6)
  3 blink frogs (Lair:6)
  2 wolves (Lair:2)
  3 ogres (Orc:2)
  A bullfrog (Lair:2)
32 creatures vanquished.

Vanquished Creatures (others)
  An orb spider (Spider:3)
  2 ball lightnings (Swamp:2)
  12 foxfires (Swamp:2)
  38 fungi
  96 plants
149 creatures vanquished.

Grand Total: 994 creatures vanquished

Notes
Turn   | Place    | Note
-------+----------+-------------------------------------------
     0 | D:1      | Kinoniko the Demonspawn Berserker began the quest for the
                  | Orb.
     0 | D:1      | Reached XP level 1. HP: 18/18 MP: 1/1
   284 | D:1      | Reached skill level 3 in Axes
   290 | D:1      | Gained mutation: You sometimes gain a little power by
                  | taking damage. [demonic ancestry]
   290 | D:1      | Reached XP level 2. HP: 19/24 MP: 2/2
   402 | D:1      | Found a faded altar of an unknown god.
   940 | D:1      | Found Dexuidog's Antique Weapon Boutique.
   957 | D:1      | Found Led Tarr's Assorted Antiques.
  1141 | D:2      | Reached XP level 3. HP: 28/29 MP: 3/3
  1365 | D:2      | Reached skill level 4 in Axes
  1431 | D:2      | Reached ** piety under Trog
  1497 | D:2      | Gained mutation: You have sharp toenails. [demonic
                  | ancestry]
  1497 | D:2      | Reached XP level 4. HP: 13/35 MP: 4/4
  1731 | D:2      | Reached skill level 5 in Axes
  2043 | D:2      | Gained mutation: You have razor-sharp toenails. [demonic
                  | ancestry]
  2043 | D:2      | Reached XP level 5. HP: 41/41 MP: 5/5
  2814 | D:3      | Reached *** piety under Trog
  2866 | D:3      | Noticed Robin
  2879 | D:3      | Killed Robin
  2880 | D:3      | Reached skill level 6 in Axes
  2990 | D:3      | Gained mutation: When seriously injured, your bleeding
                  | wounds create armour. (AC +0) [demonic ancestry]
  2990 | D:3      | Reached XP level 6. HP: 38/47 MP: 6/6
  3235 | D:3      | Found a runed translucent gate.
  3235 | D:3      | Noticed Sage1700's ghost (amateur HuFi)
  3235 | D:3      | Noticed Sage1700's ghost (amateur HuFi)
  3238 | D:3      | Found a runed translucent gate.
  3238 | D:3      | Found a runed translucent gate.
  3238 | D:3      | Noticed makewrite's ghost (amateur PaFi)
  3239 | D:3      | Noticed Xenoroth's ghost (weakling FeWr)
  3423 | D:3      | Reached **** piety under Trog
  3906 | D:4      | Found a staircase to the Ecumenical Temple.
  4144 | D:4      | Reached skill level 7 in Axes
  4781 | D:1      | Bought a glowing broad axe for 189 gold pieces
  4793 | D:1      | Identified a scroll of acquirement
  4793 | D:1      | Acquired the +7 Kryia's mail coat {PotionHeal*2 rC+}
  4794 | D:1      | Found the +7 Kryia's mail coat {PotionHeal*2 rC+}
  4904 | D:5      | Entered Level 5 of the Dungeon
  4905 | D:5      | Noticed a sky beast
  4916 | D:5      | Killed a sky beast
  4917 | D:5      | Reached XP level 7. HP: 52/52 MP: 7/7
  5037 | D:5      | Reached skill level 8 in Axes
  5296 | D:5      | Noticed jovan2203's ghost (amateur DgCj)
  5301 | D:5      | Found a runed translucent door.
  5522 | D:5      | Reached skill level 9 in Axes
  5522 | D:5      | Gained mutation: You sometimes gain power by taking damage.
                  | [demonic ancestry]
  5522 | D:5      | Reached XP level 8. HP: 58/58 MP: 8/8
  5596 | D:5      | Identified the +6 whip "Befutrei" {flame, Fly rElec rC-
                  | Dex+8}
  5874 | D:5      | Killed jovan2203's ghost
  6410 | D:6      | Reached skill level 10 in Axes
  6748 | D:6      | Found a runed translucent door.
  6749 | D:6      | Noticed Crazy Yiuf
  7059 | D:6      | Killed Crazy Yiuf
  7662 | D:7      | Gained mutation: When seriously injured, your bleeding
                  | wounds create thick armour. (AC +0) [demonic ancestry]
  7662 | D:7      | Reached XP level 9. HP: 64/64 MP: 9/9
  7664 | D:7      | Reached skill level 11 in Axes
  8413 | D:8      | Reached skill level 5 in Fighting
  8450 | D:8      | Found a staircase to the Lair.
  8460 | D:8      | Reached skill level 12 in Axes
  8465 | D:8      | Reached ***** piety under Trog
  8468 | D:8      | Reached XP level 10. HP: 76/76 MP: 10/10
  8508 | D:8      | Noticed a two-headed ogre
  8517 | D:8      | Killed a two-headed ogre
  8527 | D:8      | Received a gift from Trog
  8864 | D:8      | Noticed a two-headed ogre
  8870 | D:8      | Killed a two-headed ogre
  8871 | D:8      | Reached skill level 13 in Axes
  8994 | D:8      | Found an ancient bone altar of Kikubaaqudgha.
  8997 | D:8      | Found a snail-covered altar of Cheibriados.
  9001 | D:8      | Found a basalt altar of Yredelemnul.
  9007 | D:8      | Found an iron altar of Okawaru.
  9027 | D:8      | Found a hide-covered altar of Uskayaw.
  9033 | D:8      | Found a shimmering blue altar of Sif Muna.
  9407 | Lair:1   | Entered Level 1 of the Lair of Beasts
 10000 | Lair:1   | Reached XP level 11. HP: 76/86 MP: 11/11
 10017 | Lair:1   | Reached skill level 14 in Axes
 10704 | Lair:2   | Identified the +6 broad axe of Killer Bee's Peril {vorpal,
                  | rPois rF+ Will+ Dex-5} (Trog gifted it to you on level 2 of
                  | the Lair of Beasts)
 10704 | Lair:2   | Received a gift from Trog
 11125 | Lair:2   | Noticed a death yak
 11126 | Lair:2   | Noticed a death yak
 11146 | Lair:2   | Noticed a death yak
 11147 | Lair:2   | Killed a death yak
 11151 | Lair:2   | Killed a death yak
 11161 | Lair:2   | Killed a death yak
 11469 | Lair:2   | Noticed Maggie
 11480 | Lair:2   | Killed Maggie
 11964 | Lair:2   | Reached XP level 12. HP: 85/95 MP: 12/12
 12544 | Lair:3   | Found a staircase to the Swamp.
 12682 | Lair:3   | Found a hole to the Spider Nest.
 12684 | Lair:3   | Acquired a manual of Axes
 12700 | Lair:3   | Reached skill level 15 in Axes
 12868 | Lair:3   | Noticed a death yak
 12878 | Lair:3   | Noticed a death yak
 12888 | Lair:3   | Killed a death yak
 12891 | Lair:3   | Killed a death yak
 13445 | Lair:4   | Noticed a six-headed hydra
 13710 | Lair:4   | Killed a nine-headed hydra
 13722 | Lair:4   | Reached skill level 10 in Fighting
 14112 | Lair:4   | Reached skill level 16 in Axes
 15374 | Lair:5   | Noticed an eight-headed hydra
 15382 | Lair:5   | Killed a 14-headed hydra
 15759 | Lair:6   | Entered Level 6 of the Lair of Beasts
 15797 | Lair:5   | Reached skill level 17 in Axes
 16054 | Lair:6   | Received a gift from Trog
 16117 | Lair:6   | Reached XP level 13. HP: 68/105 MP: 13/13
 16591 | Lair:5   | Acquired the ring "Wefu" {Will+ rCorr}
 16623 | Lair:6   | Found a runed translucent door.
 16629 | Lair:6   | Found a shimmering altar of Xom.
 16629 | Lair:6   | Noticed Dwad's ghost (journeyman MiBe)
 16667 | Lair:6   | Reached skill level 18 in Axes
 16897 | Lair:6   | Noticed Sonja
 16906 | Lair:5   | Reached skill level 5 in Dodging
 16906 | Lair:5   | Reached skill level 1 in Shields
 17198 | Lair:6   | Reached skill level 5 in Armour
 17692 | Lair:6   | Killed Sonja
 17693 | Lair:6   | Found a burning altar of Makhleb.
 17697 | Lair:6   | Found a staircase to the Slime Pits.
 18054 | Lair:6   | Reached ****** piety under Trog
 18266 | Lair:6   | Identified the +10 whip of the Present {pain, *Rage Str+5
                  | Dex+5}
 18315 | Lair:6   | Reached XP level 14. HP: 115/115 MP: 14/14
 18329 | Lair:6   | Killed Dwad's ghost
 18809 | D:9      | You fall into a shaft and drop 1 floor!
 18809 | D:10     | Entered Level 10 of the Dungeon
 18824 | D:10     | Received a gift from Trog
 19329 | D:10     | Reached skill level 5 in Shields
 19464 | D:10     | Found a blossoming altar of Fedhas.
 19464 | D:10     | Found a radiant altar of Vehumet.
 20716 | D:12     | Found Kuptu's Armour Boutique.
 20728 | D:12     | Found a staircase to the Orcish Mines.
 20971 | D:12     | Found a hide-covered altar of Uskayaw.
 21274 | D:13     | Found Xorulanu's Distillery.
 21282 | D:13     | Bought a potion of attraction for 51 gold pieces
 21282 | D:13     | Bought a potion of cancellation for 136 gold pieces
 21282 | D:13     | Bought a potion of berserk rage for 85 gold pieces
 21282 | D:13     | Bought a potion of haste for 170 gold pieces
 21409 | D:13     | Found a gate to the Vaults.
 21848 | D:13     | Received a gift from Trog
 22129 | D:13     | Acquired 981 gold pieces
 22145 | D:13     | Found Neasatae's Blood Bar.
 22245 | D:13     | Identified the +4 longbow of Context {vorpal, rN+ Int+3}
 22345 | D:13     | Found Hygereg's Magic Scroll Shoppe.
 22366 | D:13     | Bought a scroll of identify for 30 gold pieces
 22366 | D:13     | Bought a scroll of enchant weapon for 112 gold pieces
 22366 | D:13     | Bought a scroll of enchant weapon for 112 gold pieces
 22366 | D:13     | Bought a scroll of identify for 30 gold pieces
 22366 | D:13     | Bought a scroll of identify for 30 gold pieces
 22535 | D:13     | Found Ydetronu's Magic Scroll Boutique.
 22538 | D:13     | Bought a scroll of enchant weapon for 97 gold pieces
 22587 | Orc:1    | Entered Level 1 of the Orcish Mines
 22593 | Orc:1    | Found Jiomnomiy's Book Emporium.
 22616 | Orc:1    | Found a dark tunnel.
 22623 | Volcano  | Entered a volcano
 23527 | Orc:2    | Entered Level 2 of the Orcish Mines
 23981 | Orc:2    | Found a staircase to the Elven Halls.
 24821 | Orc:2    | Gained mutation: You are powered by pain. [demonic
                  | ancestry]
 24821 | Orc:2    | Reached XP level 15. HP: 88/118 MP: 15/15
 24898 | Orc:2    | Received a gift from Trog
 24928 | Orc:2    | Found Megylig's Jewellery Shop.
 24928 | Orc:2    | Found Nubom's Antique Weapon Emporium.
 25377 | Orc:2    | Found Heneaxky's Assorted Antiques.
 25377 | Orc:2    | Found Uzuss's General Store.
 25443 | Orc:2    | Bought the amulet of the Four Winds {rN+ Will+++ Clar} for
                  | 482 gold pieces
 25443 | Orc:2    | Found the amulet of the Four Winds {rN+ Will+++ Clar}
 25678 | Orc:1    | Bought a manual of Fighting for 1360 gold pieces
 26798 | D:14     | Found a shimmering altar of Xom.
 26805 | D:14     | Found a shimmering altar of Xom.
 26805 | D:14     | Found a shimmering altar of Xom.
 26814 | D:14     | Found a shimmering altar of Xom.
 27158 | D:15     | Entered Level 15 of the Dungeon
 27648 | Spider:1 | Entered Level 1 of the Spider Nest
 28992 | Swamp:1  | Entered Level 1 of the Swamp
 29022 | Swamp:1  | Reached skill level 10 in Shields
 30023 | Swamp:1  | Found a runed translucent door.
 30498 | Swamp:1  | Gained mutation: Your demonic aura sometimes causes spilled
                  | blood to erupt in flames. [demonic ancestry]
 30498 | Swamp:1  | Reached XP level 16. HP: 134/134 MP: 16/16
 30930 | Swamp:2  | Reached skill level 15 in Fighting
 31526 | Swamp:2  | Noticed Frances
 31572 | Swamp:2  | Killed Frances
 31797 | Swamp:2  | Noticed Jorgrun
 31808 | Swamp:2  | Killed Jorgrun
 32197 | Swamp:2  | Noticed Aizul
 32217 | Swamp:2  | Killed Aizul
 32697 | Swamp:2  | Identified the +1 scimitar "Xaxecuq" {vorpal, rN+}
 34417 | Spider:1 | Reached skill level 10 in Armour
 34417 | Spider:1 | Reached skill level 10 in Dodging
 37783 | Spider:3 | Received a gift from Trog
 37785 | Spider:3 | Reached XP level 17. HP: 148/148 MP: 17/17
 37956 | Spider:3 | Reached skill level 1 in Evocations
 39144 | Swamp:3  | Noticed Louise
 39369 | Swamp:2  | Upgraded the game from 0.27-a0-1497-gf8f22f7954 to
                  | 0.27-a0-1501-g9d6fb14e67
 39962 | Swamp:2  | Quit the game

Illustrated notes

Levels and vault maps discovered:
D:1:      arrival_zaba_pyramid, layout_basic, serial_aquarium,
          aquarium_bridge_square [aquarium_subvault_wall,
          aquarium_subvault_bridge, aquarium_subvault_bridge,
          aquarium_subvault_bridge], aquarium_window_1, aquarium_window_1,
          aquarium_window_2, aquarium_window_2, aquarium_view_2e,
          aquarium_view_2e, aquarium_balcony_3a, ebering_ecumenical_altar_rust,
          serial_shops, shop, nicolae_square_shop
D:2:      minmay_alternating_diamond, layout_basic, kennysheep_small_spiral,
          minmay_between
D:3:      layout_basic, gammafunk_ghost_cemetery, uniq_robin
D:4:      layout_gridville, mainiacjoe_overflow_small_starburst,
          temple_fountains
D:5:      layout_gridville, hellmonk_ghost_happy_afterlife
D:6:      layout_loops_ring, serial_co_window_serial, co_window_paths_b,
          co_window_of_opportunity_a, co_window_of_opportunity_a,
          co_window_cross_1, co_window_paths_a, co_window_of_opportunity_b,
          co_window_of_opportunity_b, co_window_corner_b,
          co_window_of_opportunity_c, glass_columns_a, glass_columns_b,
          glass_columns_c, uniq_crazy_yiuf_cottage
D:7:      layout_basic
D:8:      layout_cave_pools, nicolae_tso_besieged_by_evil,
          grunt_temple_overflow_octagram, minmay_lair_entry_grove
D:9:      layout_stronghold, grunt_ministairs_13, water_boxes_lemuel
D:10:     layout_cave_pools, amethyst_overflow_temple_binary
D:11:     layout_loops_ring
D:12:     layout_roguey, orc_david_3, eat_drink_and_be_merry_uskayaw
D:13:     layout_rooms, erik_vaults_1, serial_shops, shop,
          nicolae_shop_behind_doors, nicolae_diamond_shop, guppyfry_shop_blood
D:14:     layout_stronghold, xom_redecorated
D:15:     hangedman_depths_entry_civil_slaughter, layout_long_grid,
          kennysheep_flooded_box
Lair:1:   layout_big_grid, st_stairs_13
Lair:2:   layout_chaotic_city, uniq_maggie
Lair:3:   layout_concentric_octagons, swamp_mist, spider_nest_entry_funnel_web
Lair:4:   layout_concentric_octagons, hangedman_lair_unloving_vines,
          serial_bayou_pond_e, serial_bayou_shore_a, grunt_megastairs_4,
          infiniplex_staircase_pool_2
Lair:5:   layout_roguey, nicolae_quartered_pool_little, grunt_megastairs_3
Lair:6:   minmay_lair_end_frog_pond, layout_cave_shapes, slime_dummy,
          basic_altar, ebering_ghost_xom, uniq_sonja
Swamp:1:  gammafunk_mikee_crab_dinner, layout_falls_marsh,
          evilmike_swamp_ruin_house_4, swamp_pool1
Swamp:2:  layout_basic_swamp, serial_swamp_ruin, evilmike_swamp_ruin_house_1,
          evilmike_swamp_ruin_house_2, evilmike_swamp_ruin_rubble_1,
          hangedman_swamp_phenomena, uniq_jorgrun, uniq_frances, uniq_aizul
Swamp:3:  layout_basic_swamp, hangedman_swamp_ruin_wall,
          nicolae_swamp_dense_foliage, uniq_louise
Spider:1: layout_chambers, hangedman_spider_tarantella_strand
Spider:2: layout_spider_delve, nicolae_spider_moth_buddies
Spider:3: nicolae_orb_stairs_large
Orc:1:    layout_caves, serial_shops, shop, basic_altar, enter_volcano_4
Orc:2:    st_orc_ogre_mass, layout_diamond_mine

Skill      XL: |  1  2  3  4  5  6  7  8  9 10 11 12 13 14 15 16 17 |
---------------+----------------------------------------------------+-----
Axes           | 3 4 5 6 7 9 10 12 13 14 17 18 | 18.2
Fighting       | 5 8 9 10 12 14 17 | 17.5
Armour         | 4 5 7 9 10 | 10.7
Dodging        | 4 5 7 9 10 | 10.7
Shields        | 4 8 10 11 | 11.6
Evocations     | 2 |  2.2

Action                   |  1- 3 |  4- 6 |  7- 9 | 10-12 | 13-15 | 16-18 || total
-------------------------+-------+-------+-------+-------+-------+-------++-------
Melee: Hand axe          |   107 |   159 |       |       |       |       ||   266
       Kick              |       |    38 |    50 |    98 |    98 |       ||   284
       Broad axe         |       |     4 |   185 |   419 |   946 |   565 ||  2119
Invok: Berserk           |     1 |     6 |    10 |    18 |    44 |    20 ||    99
       Brothers in Arms  |       |       |       |     2 |     7 |     3 ||    12
       Trog's Hand       |       |       |       |       |     2 |     1 ||     3
Evoke: Wand              |       |       |       |       |       |     5 ||     5
       Condenser vane    |       |       |       |       |       |     1 ||     1
  Use: Scroll            |       |    10 |     3 |    10 |    26 |     5 ||    54
       Potion            |       |       |       |       |     5 |     5 ||    10
 Stab: Distracted        |       |     1 |       |       |       |       ||     1
       Petrified         |       |       |       |       |    13 |       ||    13
       Invisible         |       |       |       |       |       |     9 ||     9
Armor: Animal skin       |     6 |       |       |       |       |       ||     6
       Ring mail         |    28 |    44 |       |       |       |       ||    72
       Scale mail        |       |    10 |   145 |   250 |   498 |   385 ||  1288
Dodge: Dodged            |    58 |    69 |   104 |   215 |   418 |   465 ||  1329
Block: Kite shield       |       |       |       |       |   383 |   471 ||   854

Table legend: (Time is in decaauts)
 A = Elapsed time spent in this place.
 B = Non-inter-level travel time spent in this place.
 C = Inter-level travel time spent in this place.
 D = Time resting spent in this place.
 E = Time spent auto-exploring this place.
 F = Levels seen in this place.
 G = Mean time per level.
                   A        B        C        D        E       F      G
               +--------+--------+--------+--------+--------+-----+--------+
         Total |  40744 |  38444 |   2300 |  16852 |  16669 |  30 | 1358.1 |
       Dungeon |  15765 |  14647 |   1118 |   4370 |   8419 |  15 | 1051.0 |
          Lair |   9540 |   8998 |    542 |   4314 |   3560 |   6 | 1590.0 |
         Swamp |   5415 |   5221 |    194 |   3143 |   1487 |   3 | 1805.0 |
   Spider Nest |   6639 |   6544 |     95 |   3739 |   1983 |   3 | 2213.0 |
  Orcish Mines |   2793 |   2443 |    350 |    980 |   1111 |   2 | 1396.5 |
       Volcano |    590 |    590 |      0 |    304 |    108 |   1 |  590.0 |
               +--------+--------+--------+--------+--------+-----+--------+

Top non-repeatable levels by time:
Spider:1: 3736 daAuts
 Swamp:2: 2972 daAuts
 Swamp:1: 2417 daAuts
  Lair:5: 2019 daAuts
  Lair:6: 1967 daAuts
   Orc:2: 1948 daAuts
Spider:3: 1942 daAuts
  Lair:2: 1896 daAuts
     D:2: 1554 daAuts
  Lair:3: 1554 daAuts
    D:14: 1504 daAuts
     D:3: 1347 daAuts
     D:7: 1327 daAuts
     D:1: 1262 daAuts
    D:12: 1247 daAuts
